 Dungeon Crawl Stone Soup version 0.27-a0-789-g6bb3289e1e (webtiles) character file.

Game seed: 8335930107436021051

135 robertstho the Shooter (level 4, 0/37 HPs)
             Began as a Minotaur Hunter on Mar 26, 2021.
             Succumbed to a scorpion's poison
             ... on level 4 of the Dungeon.
             The game lasted 00:04:18 (2427 turns).

robertstho the Shooter (Minotaur Hunter)            Turns: 2427, Time: 00:04:18

Health: 0/37       AC:  5    Str: 17    XL:     4   Next: 96%
Magic:  1/3        EV: 11    Int:  8    God:
Gold:   153        SH:  0    Dex: 11    Spells: 3/3 levels left

rFire    . . .     SeeInvis +   p - +0 long sword
rCold    . . .     Faith    .   (no shield)
rNeg     . . .     Spirit   +   n - +0 ring mail
rPois    .         Reflect  .   (helmet restricted)
rElec    .         Harm     .   (no cloak)
rCorr    .         Rampage  .   (no gloves)
Will     .....                  (no boots)
Stlth    ..........             o - amulet of guardian spirit
HPRegen  0.12/turn              i - ring of see invisible
MPRegen  0.08/turn              (no ring)

@: lethally poisoned (0 -> -5), silenced
A: horns 2, retaliatory headbutt
a: no special abilities


You were on level 4 of the Dungeon.
You visited 1 branch of the dungeon, and saw 4 of its levels.

You collected 153 gold pieces.

Inventory:

Hand Weapons
 a - a +1 shortbow
 b - a +0 short sword
 p - a +0 long sword (weapon)
Armour
 n - a +0 ring mail (worn)
Jewellery
 i - a ring of see invisible (right hand)
 o - an amulet of guardian spirit (around neck)
Scrolls
 j - a scroll of fog
 k - a scroll of acquirement {unknown}
 m - a scroll of enchant weapon {unknown}
 q - a scroll of teleportation


   Skills:
 + Level 2.9 Fighting
 + Level 1.1 Short Blades
 + Level 6.1 Bows
 + Level 1.3 Armour
 + Level 2.7 Dodging
 + Level 0.8 Stealth


You had 3 spell levels left.
You didn't know any spells.
Your spell library contained the following spells:

 Spells                   Type           Power      Damage    Failure   Level
 Animate Skeleton         Necr           0%         N/A       63%         1
 Apportation              Tloc           0%         N/A       63%         1
 Corona                   Hex            0%         N/A       63%         1
 Magic Dart               Conj           0%         1d3       63%         1
 Summon Small Mammal      Summ           0%         N/A       63%         1
 Blink                    Tloc           N/A        N/A       77%         2
 Call Imp                 Summ           0%         N/A       77%         2
 Slow                     Hex            0%         N/A       77%         2
 Conjure Flame            Conj/Fire      0%         6-21      94%         3
 Mephitic Cloud           Conj/Pois/Air  0%         N/A       94%         3


Dungeon Overview and Level Annotations

Branches:
Dungeon (4/15)
 Temple: D:4-7

Altars:
Yredelemnul

Shops:
D:2 =


Innate Abilities, Weirdness & Mutations

You have a pair of horns on your head.
You reflexively headbutt those who attack you in melee.


Message History

Found a stone staircase leading down.
A scorpion comes into view.
The scorpion moves out of view.
A scorpion is nearby!
As you read the scroll labelled LEN XAOLASKEHIDEAW, it crumbles to dust.
A profound silence engulfs you.
It was a scroll of silence.
Okay, then.
Found 13 gold pieces.
You hit the scorpion but do no damage. Your headbutt misses the scorpion.
The scorpion stings you.
You hit the scorpion but do no damage.
You headbutt the scorpion, but do no damage.
The scorpion stings you. The scorpion completely misses you.
You furiously retaliate!
You headbutt the scorpion. You hit the scorpion but do no damage.
The scorpion is lightly wounded.
The scorpion stings you.
You closely miss the scorpion.
The scorpion is lightly wounded.
The scorpion stings you.
You are poisoned.
The scorpion poisons you!
You barely miss the scorpion. You headbutt the scorpion.
The scorpion is heavily wounded.
You feel very sick. The scorpion stings you.
You are lethally poisoned!
The scorpion poisons you! The scorpion closely misses you.
You riposte.
You closely miss the scorpion.
The scorpion is heavily wounded.
You aren't carrying any items that you can evoke.
* * * LOW HITPOINT WARNING * * *
You feel extremely sick.
You aren't carrying any potions.
Okay, then.
* * * LOW HITPOINT WARNING * * *
You feel sick.
* * * LOW HITPOINT WARNING * * *
You feel sick.
You die...

######### #.......# ##
#.......# .## ######
#.......# ..# #....#
##.......#
#.###....###........#
#..##....##.........########
##.......#..#..............#
###..#=...##...@.s.........
##....#######.###........
#....##### #.# #........ ##
#.#......# #.# ##.......
.###..#.####..##.. .......
.....##.# .... .......
.....##.# ##. .......
..##....# >. $......
#.####### #......


You could see a scorpion.

Vanquished Creatures
  An iguana (D:4)
  A gnoll (D:3)
  3 adders (D:2)
  A worm (D:2)
  3 dart slugs
  An orc (D:4)
  5 ball pythons
  5 endoplasms
  3 giant cockroaches
  4 goblins
  6 hobgoblins
  7 quokkas
  5 bats
  2 frilled lizards
  3 kobolds
  8 rats
  A spectral orc (D:3)
59 creatures vanquished.

Notes
Turn   | Place    | Note
-------+----------+-------------------------------------------
     0 | D:1      | robertstho the Minotaur Hunter began the quest for the Orb.
     0 | D:1      | Reached XP level 1. HP: 18/18 MP: 0/0
   182 | D:1      | Reached XP level 2. HP: 25/25 MP: 1/1
   234 | D:1      | Reached skill level 5 in Bows
   580 | D:1      | Reached XP level 3. HP: 30/30 MP: 2/2
   990 | D:2      | Found Omoyly's Jewellery Emporium.
  1565 | D:2      | Reached XP level 4. HP: 35/37 MP: 3/3
  1697 | D:2      | Reached skill level 6 in Bows
  1834 | D:3      | Found a basalt altar of Yredelemnul.
  2149 | D:3      | Reached skill level 1 in Armour
  2225 | D:4      | Reached skill level 1 in Short Blades
  2426 | D:4      | HP: 1/37 [poisoned by a scorpion]
  2427 | D:4      | Succumbed to a scorpion's poison

Illustrated notes

Levels and vault maps discovered:
D:1:      elethiomel_arrival_maze, layout_loops_ring
D:2:      layout_rooms, serial_shops, shop, grunt_ministairs_5,
          minmay_fractal_squares_gapless_5
D:3:      layout_loops_ring, old_standard_altar, lemuel_round_altar,
          yredelemnul_forgotten_temple_becter
D:4:      layout_rooms, lemuel_doored_altar, cheibrodos_sewer_entry_bend,
          uniq_eustachio, uniq_grinder

Skill      XL: |  1  2  3  4 |
---------------+-------------+-----
Bows           | 5 6 |  6.1
Armour         | 1 |  1.3
Short Blades   | 1 |  1.1
Fighting       | |  2.9
Dodging        | |  2.7
Stealth        | |  0.8

Action                   |  1- 3 |  4- 6 || total
-------------------------+-------+-------++-------
Melee: Short sword       |    29 |    55 ||    84
       Headbutt          |     7 |     8 ||    15
       Long sword        |       |    16 ||    16
 Fire: Shortbow          |    66 |     5 ||    71
  Use: Scroll            |       |     6 ||     6
       Potion            |       |     2 ||     2
Armor: Leather armour    |    13 |       ||    13
       Ring mail         |     1 |    33 ||    34
Dodge: Dodged            |    32 |    51 ||    83
       Rpst.: Long sword |       |     3 ||     3

Table legend: (Time is in decaauts)
 A = Elapsed time spent in this place.
 B = Non-inter-level travel time spent in this place.
 C = Inter-level travel time spent in this place.
 D = Time resting spent in this place.
 E = Time spent auto-exploring this place.
 F = Levels seen in this place.
 G = Mean time per level.
                   A        B        C        D        E       F      G
               +--------+--------+--------+--------+--------+-----+--------+
         Total |   2425 |   2342 |     83 |      0 |   1848 |   4 |  606.2 |
       Dungeon |   2425 |   2342 |     83 |      0 |   1848 |   4 |  606.2 |
               +--------+--------+--------+--------+--------+-----+--------+

Top non-repeatable levels by time:
     D:1: 991 daAuts
     D:2: 786 daAuts
     D:3: 437 daAuts
     D:4: 209 daAuts
